 Dungeon Crawl Stone Soup version 0.23.2-11-gf996548c65 (webtiles) character file.

Game seed: 17683743535685030493

95 KristianNielsen the Skirmisher (level 4, 0/41 HPs)
             Began as a Minotaur Fighter on June 5, 2019.
             Slain by Robin
             ... wielding a +6 short sword of draining
              (7 damage)
             ... on level 1 of the Dungeon.
             The game lasted 00:05:02 (1486 turns).

KristianNielsen the Skirmisher (Minotaur Fighter)   Turns: 1486, Time: 00:05:02

Health: 0/41       AC:  6    Str: 22    XL:     4   Next: 40%
Magic:  3/3        EV:  7    Int:  5    God:
Gold:   49         SH:  9    Dex:  9    Spells: 3/3 levels left

rFire    . . .     SeeInvis .   a - +0 war axe
rCold    . . .     Gourm    .   c - +0 shield
rNeg     . . .     Faith    .   b - +0 scale mail
rPois    .         Spirit   .   (helmet restricted)
rElec    .         Reflect  .   (no cloak)
rCorr    .         Harm     .   (no gloves)
MR       .....                  (no boots)
Stlth    ..........             (no amulet)
HPRegen  0.13/turn              (no ring)
MPRegen  0.08/turn              (no ring)

@: heavily drained
A: retaliatory headbutt, horns 2
a: no special abilities


You were on level 1 of the Dungeon.
You were not hungry.

You visited 1 branch of the dungeon, and saw 2 of its levels.

You collected 49 gold pieces.

Inventory:

Hand Weapons
 a - a +0 war axe (weapon)
Missiles
 e - 50 stones (quivered)
 i - 59 bolts
 o - 17 poisoned needles
Armour
 b - a +0 scale mail (worn)
 c - a +0 shield (worn)
Jewellery
 k - an uncursed ring of protection from cold {unknown}
Scrolls
 h - 2 scrolls of identify {unknown}
 j - a scroll of enchant weapon {unknown}
 l - a scroll of teleportation {unknown}
 m - a scroll of amnesia
 n - a scroll of remove curse {unknown}
 p - a scroll of noise {unknown}
 q - a scroll of enchant armour {unknown}
Potions
 d - a potion of might
Comestibles
 f - 2 rations


   Skills:
 + Level 4.4(2.6) Fighting
 + Level 3.5(1.7) Axes
 + Level 4.4(2.6) Armour
 + Level 4.4(2.6) Shields


You had 3 spell levels left.
You didn't know any spells.
Your spell library was empty.

Dungeon Overview and Level Annotations

Branches:
Dungeon (2/15)

Altars:

Annotations:
D:1 Robin


Innate Abilities, Weirdness & Mutations

You reflexively headbutt those who attack you in melee.
You have a pair of horns on your head.


Message History

* * * LOW HITPOINT WARNING * * *
You block the hobgoblin's attack. Robin hits you but does no damage.
You feel drained.
The hobgoblin hits you but does no damage.
The hobgoblin barely misses you.
You are too injured to fight recklessly!
You are too injured to fight recklessly!
You are too injured to fight recklessly!
You barely miss Robin. Your headbutt misses Robin.
Robin is moderately wounded.
You block Robin's attack. You block the hobgoblin's attack.
You barely miss Robin.
Robin is moderately wounded.
You hit the hobgoblin.
You kill the hobgoblin!
You block Robin's attack. Robin hits you but does no damage.
You feel drained.
You barely miss Robin.
Robin is moderately wounded.
Robin hits you with a +6 short sword of draining!
You die...

#....................# #.#
..#................#.# #.#
...##............##..## ##.##
...#.#..........#.#...######...##
....#.##......##.#...............
.....##.#....#.##.....######.....
.....#.#.####.#.#...†.# ##....
......#.##..##.#.)...>#########).
.......##....##.@g.........# ##.
......................####.# ##.
......................# #.# #.#
.......##....##.......####.#####.
......#.##..##.#......#..........
.....#.#.####.#.#....>#.##.######
.....##.#....#[##...).#.##.#
....#.##......##.#.........#
..)#.#..........#.#..#######


You could see Robin.

Vanquished Creatures
  3 gnolls (D:2)
  2 worms (D:2)
  A dart slug (D:1)
  3 leopard geckos
  3 giant cockroaches
  7 goblins
  12 hobgoblins
  A quokka (D:2)
  9 bats
  6 kobolds
  4 rats
51 creatures vanquished.

Notes
Turn   | Place    | Note
-------+----------+-------------------------------------------
     0 | D:1      | KristianNielsen the Minotaur Fighter began the quest for
                  | the Orb.
     0 | D:1      | Reached XP level 1. HP: 19/19 MP: 0/0
   173 | D:1      | Reached XP level 2. HP: 27/27 MP: 1/1
   447 | D:1      | Reached XP level 3. HP: 32/33 MP: 2/2
  1177 | D:2      | Reached XP level 4. HP: 17/41 MP: 3/3
  1455 | D:2      | Noticed Robin
  1486 | D:1      | Slain by Robin

Skill      XL: |  1  2 |
---------------+-------+-----
Shields        | 4 |  4.4
Fighting       | 4 |  4.4
Armour         | 4 |  4.4
Axes           | 3 |  3.5

Action                   |  1- 3 |  4- 6 || total
-------------------------+-------+-------++-------
Melee: War axe           |   110 |    24 ||   134
       Headbutt          |    15 |     5 ||    20
  Use: Scroll            |     1 |       ||     1
  Eat: Chunk             |     1 |     1 ||     2
Armor: Scale mail        |    70 |    14 ||    84
Dodge: Dodged            |    34 |     3 ||    37
Block: Shield            |    66 |    18 ||    84
